 Dungeon Crawl Stone Soup version 0.27-a0-906-g0a00ce863d (webtiles) character file.

Game seed: 2207846756401534901

1131 tilp the Cutter (level 8, 0/34 (44) HPs)
             Began as a Vine Stalker Brigand on Apr 7, 2021.
             Slain by a wight
             ... wielding a +3 short sword
              (1 damage)
             ... on level 7 of the Dungeon.
             The game lasted 00:09:17 (5667 turns).

tilp the Cutter (Vine Stalker Brigand)              Turns: 5667, Time: 00:09:18

HP:   0/34 (44)     AC: 11    Str: 17    XL:     8   Next: 36%
MP:   0/9           EV:  7    Int: 11    God:
Gold: 62            SH: 10    Dex: 15    Spells: 7/7 levels left

rFire    . . .     SeeInvis .   a - +2 dagger
rCold    . . .     Faith    .   u - +0 buckler
rNeg     . . .     Spirit   +   v - +0 chain mail
rPois    .         Reflect  +   q - +2 helmet
rElec    .         Harm     .   (no cloak)
rCorr    .         Rampage  .   (no gloves)
Will     +....                  (no boots)
Stlth    ..........             r - amulet of reflection
HPRegen  1.11/turn              (no ring)
MPRegen  0.11/turn              (no ring)

@: heavily drained
A: fangs 3, regeneration 1, magic shield, antimagic bite, no potion heal 2
a: no special abilities


You were on level 7 of the Dungeon.
You visited 2 branches of the dungeon, and saw 8 of its levels.

You collected 232 gold pieces.
You spent 170 gold pieces at shops.

Inventory:

Hand Weapons
 a - a +2 dagger (weapon)
Missiles
 d - 21 poisoned darts (quivered)
 e - 2 curare-tipped darts {!f}
Armour
 q - a +2 helmet (worn)
 u - a +0 buckler (worn)
 v - a +0 chain mail (worn)
Jewellery
 b - an amulet of faith
 r - an amulet of reflection (around neck)
Wands
 n - a wand of flame (25)
Scrolls
 c - a scroll of blinking
 f - a scroll of silence {unknown}
 i - a scroll of fear {unknown}
 k - 2 scrolls of teleportation
 l - a scroll of magic mapping
 s - a scroll of holy word {unknown}
Potions
 g - 3 potions of might
 j - 3 potions of curing
 m - a potion of magic
 o - 2 potions of lignification
 p - 2 potions of attraction
 t - a potion of haste
 w - a potion of mutation


   Skills:
 + Level 5.7 Fighting
 + Level 5.7 Short Blades
 - Level 1.7 Throwing
 - Level 0.7 Dodging
 - Level 4.8 Stealth
 - Level 4.0 Shields


You had 7 spell levels left.
You didn't know any spells.
Your spell library contained the following spells:

 Spells                   Type           Power      Damage    Failure   Level
 Animate Skeleton         Necr           0%         N/A       100%        1
 Pain                     Necr           0%         1d4       100%        1
 Vampiric Draining        Necr           0%         2d6       100%        3
 Animate Dead             Necr           0%         N/A       100%        4
 Agony                    Necr           0%         N/A       100%        5


Dungeon Overview and Level Annotations

Branches:
Dungeon (7/15)             Temple (1/1) D:6

Altars:
Cheibriados
Dithmenos
Elyvilon
Fedhas
Kikubaaqudgha
Makhleb
Nemelex Xobeh
Okawaru
Qazlal
Ru
Sif Muna
Trog
Uskayaw
Vehumet
Xom
Yredelemnul
Zin
The Shining One

Shops:
D:5 ?

Annotations:
D:6 1 runed translucent door, stringoo's ghost, novice OpFi


Innate Abilities, Weirdness & Mutations

You have razor-sharp teeth.
Your natural rate of healing is unusually fast.
When hurt, damage is shared between your health and your magic reserves.
Your bite disrupts and absorbs the magic of your enemies.
Potions cannot restore your health.


Message History

You feel drained.
You hit the wight but do no damage. You bite the wight, but do no damage.
You hit the wight but do no damage. Your bite misses the wight.
You block the wight's attack.
You barely miss the wight. You bite the wight, but do no damage.
You block the wight's attack.
You hit the wight. You bite the wight! You drain its power.
You feel invigorated.
The wight is severely damaged.
The wight hits you with a +3 short sword.
You feel drained.
You hit the wight but do no damage.
The wight is severely damaged.
The wight hits you with a +3 short sword!
* * * LOW HITPOINT WARNING * * *
You feel drained.
* * * LOW HITPOINT WARNING * * *
You hit the wight but do no damage. Your bite misses the wight.
The wight is severely damaged.
You closely miss the wight. Your bite misses the wight.
The wight is severely damaged.
You block the wight's attack.
You hit the wight but do no damage. You bite the wight, but do no damage.
The wight is severely damaged.
The wight hits you with a +3 short sword!
* * * LOW HITPOINT WARNING * * *
You hit the wight.
The wight is almost destroyed.
The wight hits you with a +3 short sword.
* * * LOW HITPOINT WARNING * * *
You feel drained.
* * * LOW HITPOINT WARNING * * *
You barely miss the wight.
The wight is almost destroyed.
You hit the wight but do no damage.
The wight is almost destroyed.
The wight hits you with a +3 short sword.
* * * LOW HITPOINT WARNING * * *
You feel drained.
You die...

#.Pā‰ˆā‰ˆP........#
#..Pā‰ˆā‰ˆ........#
#.#P.P........#
#...#####o....#
###. #.....# #
#.....# # #.....#
#####.#####.....#
#......)@z{z....#
#.###.#######'### #
#.# #.# #.# ###
#.#######.#
#.........#
#########.# #.#


You could see 2 wights.

Vanquished Creatures
  A water moccasin (D:6)
  A sky beast (D:6)
  An ice beast (D:5)
  An ogre (D:6)
  A centaur (D:4)
  A wyvern skeleton (D:5)
  A wight (D:7)
  An electric eel (D:7)
  A centaur zombie (D:7)
  A hound (D:6)
  2 jellies (D:3)
  An orc priest (D:5)
  A bullfrog skeleton (D:6)
  Natasha (D:2)
  2 iguanas
  3 orc wizards
  Robin (D:2)
  5 adders
  A shadow imp (D:6)
  A white imp (D:3)
  2 ufetubi
  A worm (D:2)
  2 dart slugs
  17 orcs
  6 bats
  3 bat zombies (D:5)
  15 endoplasms
  2 giant cockroaches
  10 goblins
  10 hobgoblins
  6 jackals
  4 quokkas
  7 ball pythons
  2 frilled lizards
  16 kobolds
  5 rats
  A rat zombie (D:5)
137 creatures vanquished.

Vanquished Creatures (others)
  An orc wizard (D:6)
  13 plants (D:7)
  8 toadstools (D:3)
22 creatures vanquished.

Grand Total: 159 creatures vanquished

Notes
Turn   | Place    | Note
-------+----------+-------------------------------------------
     0 | D:1      | tilp the Vine Stalker Brigand began the quest for the Orb.
     0 | D:1      | Reached XP level 1. HP: 11/11 MP: 2/2
   144 | D:1      | Reached XP level 2. HP: 15/15 MP: 3/3
   918 | D:2      | Noticed Natasha
   921 | D:2      | Killed Natasha
   922 | D:2      | Reached XP level 3. HP: 19/19 MP: 4/4
   951 | D:2      | Gained mutation: Your natural rate of healing is unusually
                  | fast. [Vine Stalker growth]
   951 | D:2      | Reached XP level 4. HP: 13/23 MP: 3/5
  1091 | D:2      | Found a faded altar of an unknown god.
  1407 | D:2      | Found a white marble altar of Elyvilon.
  1644 | D:2      | Noticed Robin
  1657 | D:2      | Killed Robin
  1691 | D:2      | You fall into a shaft and drop 2 floors!
  1830 | D:3      | Reached XP level 5. HP: 28/28 MP: 6/6
  2120 | D:3      | Reached skill level 1 in Shields
  2535 | D:4      | Noticed a centaur
  2552 | D:4      | Killed a centaur
  2553 | D:4      | Reached XP level 6. HP: 33/33 MP: 5/7
  3241 | D:5      | Entered Level 5 of the Dungeon
  3242 | D:5      | Noticed an ice beast
  3391 | D:5      | Found Tiniedgh's Magic Scroll Boutique.
  3395 | D:5      | Bought a scroll of enchant armour for 75 gold pieces
  3395 | D:5      | Bought a scroll of blinking for 75 gold pieces
  3395 | D:5      | Bought a scroll of identify for 20 gold pieces
  3465 | D:5      | Killed an ice beast
  3576 | D:5      | Reached XP level 7. HP: 37/37 MP: 8/8
  3720 | D:5      | Found a burning altar of Makhleb.
  3722 | D:5      | Found a shadowy altar of Dithmenos.
  3805 | D:5      | Found an ancient bone altar of Kikubaaqudgha.
  3965 | D:5      | Found an iron altar of Okawaru.
  3965 | D:5      | Found a stormy altar of Qazlal.
  3967 | D:5      | Found a sparkling altar of Nemelex Xobeh.
  4576 | D:6      | Found a staircase to the Ecumenical Temple.
  4613 | Temple   | Entered the Ecumenical Temple
  5124 | D:6      | Reached skill level 5 in Fighting
  5124 | D:6      | Reached skill level 5 in Short Blades
  5124 | D:6      | Gained mutation: You have razor-sharp teeth. [Vine Stalker
                  | growth]
  5124 | D:6      | Reached XP level 8. HP: 43/43 MP: 9/9
  5206 | D:6      | Found a runed translucent door.
  5206 | D:6      | Found a shimmering altar of Xom.
  5206 | D:6      | Noticed stringoo's ghost (novice OpFi)
  5206 | D:6      | Noticed a +0 flail of chaos
  5667 | D:7      | HP: 1/36 [wight/+3 short sword (3)]
  5667 | D:7      | Slain by a wight

Illustrated notes

Levels and vault maps discovered:
D:1:      lightli_arrival_quake, layout_basic
D:2:      minmay_door_path, layout_loops_ring, ebering_ecumenical_altar_box,
          basic_altar, uniq_robin, uniq_natasha, uniq_jessica
D:3:      cheibrodos_fertilizer, layout_loops_cross
D:4:      layout_loops_ring, amcnicky_mini_corridor_feature
D:5:      layout_basic, lemuel_zombie_altar_kikubaaqudgha,
          nicolae_overflow_hidden_temple, serial_shops, kennysheep_mini,
          fountainhead
D:6:      minmay_diamond_boxcup, layout_loops_ring, minmay_temple_entry_hall,
          ebering_ghost_xom, lemuel_old_faithful
D:7:      layout_basic, serial_bayou, serial_bayou_lagoon_a,
          serial_bayou_shore_b, serial_bayou_pond_d, serial_bayou_pond_b,
          serial_bayou_shore_b, serial_shops, shop
Temple:   minmay_temple_forest_path

Skill      XL: |  1  2  3  4  5  6  7 |
---------------+----------------------+-----
Fighting       | 2 3 4 5 |  5.7
Short Blades   | 2 3 4 5 |  5.7
Shields        | 2 3 4 |  4.0
Throwing       | |  1.7
Dodging        | |  0.7
Stealth        | |  4.8

Action                   |  1- 3 |  4- 6 |  7- 9 || total
-------------------------+-------+-------+-------++-------
Melee: Dagger            |    55 |   256 |   219 ||   530
       Bite              |    12 |    78 |    79 ||   169
Throw: Dart              |       |    11 |     5 ||    16
Evoke: Wand              |       |       |     1 ||     1
  Use: Scroll            |     2 |     7 |     5 ||    14
 Stab: Sleeping          |     6 |    10 |       ||    16
       Distracted        |       |       |     1 ||     1
Armor: Robe              |     6 |    40 |       ||    46
       Chain mail        |       |    13 |    69 ||    82
Dodge: Dodged            |    27 |   106 |    37 ||   170
Block: Other             |       |    29 |       ||    29
       Buckler           |       |    11 |    95 ||   106
       Reflection        |       |     1 |       ||     1

Table legend: (Time is in decaauts)
 A = Elapsed time spent in this place.
 B = Non-inter-level travel time spent in this place.
 C = Inter-level travel time spent in this place.
 D = Time resting spent in this place.
 E = Time spent auto-exploring this place.
 F = Levels seen in this place.
 G = Mean time per level.
                   A        B        C        D        E       F      G
               +--------+--------+--------+--------+--------+-----+--------+
         Total |   5569 |   5305 |    264 |    248 |   4002 |   8 |  696.1 |
       Dungeon |   5159 |   4920 |    239 |    248 |   3617 |   7 |  737.0 |
        Temple |    410 |    385 |     25 |      0 |    385 |   1 |  410.0 |
               +--------+--------+--------+--------+--------+-----+--------+

Top non-repeatable levels by time:
     D:1: 849 daAuts
     D:5: 846 daAuts
     D:6: 839 daAuts
     D:3: 836 daAuts
     D:2: 825 daAuts
     D:4: 818 daAuts
  Temple: 410 daAuts
     D:7: 143 daAuts
